 Dungeon Crawl Stone Soup version 0.31.0-11-ge490571c62 (webtiles) character file.

Game seed: 12095538057778471266

123 qw the Shooter (level 4, -3/23 HPs)
             Began as a Spriggan Hunter on Feb 3, 2024.
             Slain by an orc
             ... wielding a +2 falchion of holy wrath
              (9 damage)
             ... on level 4 of the Dungeon.
             The game lasted 00:00:07 (1638 turns).

qw the Shooter (Spriggan Hunter)                    Turns: 1638, Time: 00:00:08

Health: -3/23      AC:  4    Str:  9      XL:     4   Next: 79%
Magic:  5/5        EV: 20    Int: 13 (14) God:
Gold:   115        SH:  0    Dex: 20      Spells: 3/3 levels left

rFire   . . .        a - +0 shortbow
rCold   + . .        (shield currently unavailable)
rNeg    + . .        d - +2 robe "Ranatwatup" {Str+4 Int+4 Slay+3}
rPois   +            (helmet restricted)
rElec   .            (no cloak)
rCorr   .            (gloves unavailable)
SInv    +            (boots unavailable)
Will    .....        (no amulet)
Stlth   ++           c - ring of positive energy
HPRegen 0.23/turn    i - ring of poison resistance
MPRegen 0.09/turn

%: no passive effects
@: very quick
A: very small, no large weapons, unfitting armour, see invisible, speed 3, cold
resistance 1, deterioration 1, weak 1
a: no special abilities


You were on level 4 of the Dungeon.
You visited 1 branch of the dungeon, and saw 4 of its levels.

You collected 115 gold pieces.


Innate Abilities, Weirdness & Mutations

You are very small and have problems with some larger weapons.
You are too small for most types of armour.
You have supernaturally acute eyesight. (SInv)
You cover ground extremely quickly. (Speed+++)
Your flesh is cold resistant. (rC+)
Your body sometimes deteriorates upon taking damage.
You are weak. (Str -2)


   Skills:
 - Level 2.0 Fighting
 + Level 5.0 Ranged Weapons
 - Level 5.0 Dodging
 - Level 1.5 Stealth


You had 3 spell levels left.
You didn't know any spells.
Your spell library was empty.

Inventory:

Hand Weapons
 a - a +0 shortbow (weapon)
Armour
 d - the +2 robe "Ranatwatup" (worn) {Str+4 Int+4 Slay+3}
   (You acquired it on level 1 of the Dungeon)

   Str+4:     It affects your strength (+4).
   Int+4:     It affects your intelligence (+4).
   Slay+3:    It affects your accuracy & damage with ranged weapons and melee
   (+3).
Jewellery
 c - a ring of positive energy (left hand)
 i - a ring of poison resistance (right hand)
Potions
 e - 3 potions of curing
 f - a potion of resistance
 g - a potion of heal wounds
 h - a potion of attraction {unknown}
 j - a potion of mutation

Dungeon Overview and Level Annotations

Branches:
Dungeon (4/15)
 Temple: D:4-7

Altars:
Dithmenos


Message History

An orc comes into view. It is wielding a +0 club.
Your Fighting skill increases to level 2!
You shoot an arrow. The arrow hits the orc.
The orc is moderately wounded.
You shoot an arrow. The arrow hits the orc.
The orc is almost dead.
You shoot an arrow. The arrow hits the orc.
You kill the orc!
There is a stone staircase leading down here.
Things that are here:
a +0 club; a +0 ring mail; an orc corpse You now have 115 gold pieces (gained 13).
An orc and a kobold come into view.
The orc is wielding a +2 falchion of holy wrath.
Found a stone staircase leading down.
The orc shouts!
You shoot an arrow.
The arrow hits the orc but does no damage.
You shoot an arrow. The arrow hits the orc.
The orc is heavily wounded.
The orc hits you with a +2 falchion of holy wrath!
The kobold closely misses you.
You shoot an arrow.
The arrow hits the orc but does no damage.
The orc is heavily wounded.
The orc barely misses you. The kobold misses you.
You shoot an arrow.
The arrow hits the orc but does no damage.
The orc is heavily wounded.
The orc closely misses you. The kobold misses you.
You shoot an arrow. The arrow closely misses the orc.
The orc hits you with a +2 falchion of holy wrath.
The kobold closely misses you. The orc misses you.
The kobold barely misses you.
You shoot an arrow. The arrow barely misses the orc.
The orc hits you with a +2 falchion of holy wrath.
Your body deteriorates!
You feel dopey. The kobold misses you.
You shoot an arrow. The arrow closely misses the orc.
The orc hits you with a +2 falchion of holy wrath!
You die...

..# ..> ##..
... #.. #..
.#####K########
.......@......#
.#####o######.#
#. #.# .. #.#
##. #.# #. #.#
#. #.# #. #.#
#.###


You could see an orc and a kobold.

Vanquished Creatures
  Robin (D:2)
  2 adders (D:3)
  2 dart slugs (D:1)
  3 ribbon worms
  4 orcs (D:4)
  7 ball pythons
  4 endoplasms
  2 giant cockroaches
  17 goblins
  9 hobgoblins
  2 jackals (D:3)
  3 quokkas (D:3)
  7 bats
  4 frilled lizards
  A kobold (D:1)
  3 rats
71 creatures vanquished.

Notes
Turn   | Place    | Note
-------+----------+-------------------------------------------
     0 | D:1      | qw the Spriggan Hunter began the quest for the Orb.
     0 | D:1      | Reached XP level 1. HP: 10/10 MP: 2/2
     0 | D:1      | 0 ||| qw: Version: 0.3-a-155-g5e7d8dd
     0 | D:1      | 0 ||| qw: Game counter: 3550
     0 | D:1      | 0 ||| qw: Melee chars always use a shield: true
     0 | D:1      | 0 ||| qw: God list: Okawaru
     0 | D:1      | 0 ||| qw: Allow faded altars: false
     0 | D:1      | 0 ||| qw: Do Orc after clearing Dungeon:15 true
     0 | D:1      | 0 ||| qw: Do second Lair branch before Depths: true
     0 | D:1      | 0 ||| qw: Lair rune preference: random
     0 | D:1      | 0 ||| qw: Goals: Normal
     0 | D:1      | 0 ||| PLANNING D:1-11
    54 | D:1      | Reached skill level 3 in Dodging
   147 | D:1      | Reached XP level 2. HP: 14/14 MP: 3/3
   215 | D:1      | Found a faded altar of an unknown god.
   413 | D:1      | 413 ||| READING scroll labelled CUMUOQUCSO.
   413 | D:1      | 413 ||| IDENTIFYING fuming inky potion
   414 | D:1      | 414 ||| READING scroll labelled JUEDORUZIA.
   415 | D:1      | 415 ||| READING scroll labelled DISCHI QEOBBIARETZ.
   415 | D:1      | Identified a scroll of acquirement
   415 | D:1      | 415 ||| ACQUIRING +2 robe "Ranatwatup" {Str+4 Int+4 Slay+3}
   415 | D:1      | Acquired the +2 robe "Ranatwatup" {Str+4 Int+4 Slay+3}
   417 | D:1      | 417 ||| UPGRADING to +2 robe "Ranatwatup" {Str+4 Int+4
                  | Slay+3}.
   427 | D:1      | 427 ||| DROPPING +0 robe.
   428 | D:1      | 428 ||| DROPPING scroll of butterflies.
   537 | D:2      | Reached XP level 3. HP: 18/18 MP: 4/4
   538 | D:2      | Found a shadowy altar of Dithmenos.
   968 | D:2      | Noticed Robin
   973 | D:2      | Killed Robin
   980 | D:2      | Reached XP level 4. HP: 21/22 MP: 5/5
  1068 | D:2      | 1068 ||| UPGRADING to ring of positive energy.
  1069 | D:2      | 1069 ||| UPGRADING to ring of poison resistance.
  1070 | D:2      | 1070 ||| READING 2 scrolls of identify.
  1070 | D:2      | 1070 ||| IDENTIFYING sedimented clear potion
  1071 | D:2      | 1071 ||| READING scroll of identify.
  1071 | D:2      | 1071 ||| IDENTIFYING golden potion
  1072 | D:2      | 1072 ||| READING scroll labelled JATOER EGREBUK.
  1209 | D:3      | Found a shadowy altar of Dithmenos.
  1508 | D:3      | 1508 ||| READING scroll labelled POTHAE GINLEKH.
  1509 | D:3      | 1509 ||| READING scroll labelled YHER DOAMM.
  1510 | D:3      | 1510 ||| DRINKING 2 murky green potions.
  1510 | D:3      | Gained mutation: Your flesh is cold resistant. (rC+)
                  | [potion of mutation]
  1510 | D:3      | Gained mutation: Your body sometimes deteriorates upon
                  | taking damage. [potion of mutation]
  1510 | D:3      | Gained mutation: You are weak. (Str -2) [potion of
                  | mutation]
  1638 | D:4      | Slain by an orc

Levels and vault maps discovered:
D:1:      amcnicky_arrival_flooded_fountain, layout_rooms,
          chequers_ecumenical_altar_simple
D:2:      layout_loops_ring, basic_altar, uniq_robin
D:3:      layout_rooms, mainiacjoe_overflow_small_starburst,
          minmay_misc_feat_tiny
D:4:      layout_basic

Skill      XL: |  1  2  3  4 |
---------------+-------------+-----
Dodging        | 3 4 5 |  5.0
Ranged Weapons | 5 |  5.0
Fighting       | 2 |  2.0
Stealth        | |  1.5

Action                     |  1- 3 |  4- 6 || total
---------------------------+-------+-------++-------
   Fire: Shortbow          |   101 |    68 ||   169
    Use: Scroll            |     3 |     5 ||     8
         Potion            |       |     1 ||     1
 Armour: Robe              |     6 |     5 ||    11
  Dodge: Dodged            |    17 |    15 ||    32

Table legend:
 A = Non-vault XP
 B = Vault XP
 C = Vault XP percentage of total XP
 D = Non-vault monster count
 E = Vault monster count
 F = Vault count percentage of total count
                 A         B        C        D         E       F
            +---------+---------+-------+---------+---------+-------
      Total |     140 |      36 |  20.5 |      59 |      12 |  16.9
            +---------+---------+-------+---------+---------+-------
        D:1 |      33 |       0 |   0.0 |      19 |       0 |   0.0
        D:2 |      34 |      36 |  51.4 |      17 |      12 |  41.4
        D:3 |      59 |       0 |   0.0 |      18 |       0 |   0.0
        D:4 |      14 |       0 |   0.0 |       5 |       0 |   0.0
            +---------+---------+-------+---------+---------+-------
